 Dungeon Crawl Stone Soup version 0.31-a0-875-g02e7d12df6 (webtiles) character file.

Game seed: 8381499634395574900

242 lunkers the Insei (level 6, -7/47 HPs)
             Began as a Meteoran Shapeshifter on Oct 12, 2023.
             Mangled by a gnoll
             ... wielding a +0 flail
              (9 damage)
             ... on level 4 of the Dungeon.
             The game lasted 00:04:34 (1145 turns).

lunkers the Insei (Meteoran Shapeshifter)           Turns: 1145, Time: 00:04:34

Health: -7/47      AC:  2    Str: 16    XL:     6   Next: 57%
Magic:  7/7        EV: 12    Int: 11    God:
Gold:   135        SH:  0    Dex: 16    Spells: 5/5 levels left

rFire   . .          .
                       - Unarmed
rCold   . . .        (no shield)
rNeg    . . .        a - +0 animal skin
rPois   .            (helmet currently unavailable)
rElec   .            (cloak currently unavailable)
rCorr   .            (gloves currently unavailable)
SInv    .            (boots currently unavailable)
Will    .....        (no amulet)
Stlth   +            (no ring)
HPRegen 0.27/turn    (no ring)
MPRegen 0.10/turn

%: no passive effects
@: beast-form, glowing
A: beast (slay +2), sense surroundings 1, otherworldly, glowing, explore regen
a: Begin Untransformation


You were on level 4 of the Dungeon.
You were a hulking beast.
You visited 1 branch of the dungeon, and saw 4 of its levels.

You collected 135 gold pieces.

Inventory:

Missiles
 p - 5 javelins
Armour
 a - a +0 animal skin (worn)
 b - a +0 helmet
 m - a +0 helmet
Jewellery
 l - a ring of ice
Talismans
 c - a beast talisman (active)
 d - a flux talisman
Scrolls
 h - a scroll of amnesia {unknown}
 i - 2 scrolls of revelation {unknown}
 j - 7 scrolls of identify {unknown}
 k - a scroll of teleportation {unknown}
 n - a scroll of fog {unknown}
 q - a scroll of immolation {unknown}
 r - a scroll of blinking {unknown}
Potions
 e - a potion of attraction {unknown}
 f - 2 potions of brilliance {unknown}
 g - a potion of cancellation {unknown}
 o - a potion of might {unknown}


   Skills:
 - Level 1.1 Fighting
 - Level 2.1 Dodging
 * Level 6.8 Unarmed Combat
 + Level 5.1 Shapeshifting


You had 5 spell levels left.
You didn't know any spells.
Your spell library contained the following spells:

 Spells                   Type           Power      Damage    Failure   Level
 Blink                    Tloc           0%         N/A       47%         2
 Gell's Gravitas          Tloc           0%         N/A       71%         3
 Teleport Other           Tloc           0%         N/A       71%         3
 Manifold Assault         Tloc           0%         N/A       98%         4
 Dispersal                Tloc           0%         N/A       100%        6


Dungeon Overview and Level Annotations

Branches:
Dungeon (4/15) Zot: 1273
 Temple: D:4-7

Altars:
Cheibriados
Elyvilon

Shops:
D:3 ?


Innate Abilities, Weirdness & Mutations

You are a hulking beast.
Your limbs bulge with bestial killing power. (Slay +2)
You passively map a small area around you.
You are easily found by Zot.
You glow in the dark.
You regain HP and MP as you explore.


Message History

Found 3 gold pieces.
The gnoll shouts!
You hear a shout!
The gnoll hits you with a +0 flail.
You punch the gnoll!
The gnoll is severely wounded.
The gnoll barely misses you.
You hit the gnoll but do no damage.
The gnoll is severely wounded.
A goblin comes into view. It is wielding a +0 dagger.
The gnoll misses you.
You hit the gnoll.
The gnoll is almost dead.
The gnoll barely misses you.
A gnoll comes into view. It is wielding a +0 halberd.
The gnoll barely misses you.
The gnoll shouts!
You hit the gnoll.
You kill the gnoll!
The gnoll misses you.
You hit the gnoll but do no damage. The gnoll hits you with a +0 flail.
The gnoll barely misses you. The gnoll hits you with a +0 flail!
* * * LOW HITPOINT WARNING * * *
The gnoll misses you. The gnoll hits you with a +0 flail.
* * * LOW HITPOINT WARNING * * *
The gnoll misses you.
Okay, then.
You barely miss the gnoll. You punch the gnoll.
The gnoll is lightly wounded.
The gnoll hits you with a +0 flail.
* * * LOW HITPOINT WARNING * * *
The gnoll hits you with a +0 flail.
* * * LOW HITPOINT WARNING * * *
The gnoll hits you with a +0 halberd!
* * * LOW HITPOINT WARNING * * *
You closely miss the gnoll.
The gnoll is lightly wounded.
You hit the gnoll.
The gnoll is moderately wounded.
The gnoll hits you with a +0 flail!
You die...

, , , , ..#* * ##......#
#.# #.......# #.# # ,
.......# #.######## , #
#......###......... #
.#..............#### ,
..,,..................# ,
**###.###g#.#.###.....##.#
.>....gh......#.##### # *
##'###g...#.....# #
.....g..........# ,# ,,
.......####.##..# , ,
....... ,...###..# ##.# ,
.......#.#### #..# #... ,
$...[..# *** #.... #...
....... ..##.##... ,
.......*, , ,.#*......


You could see 3 gnolls and a goblin.

Vanquished Creatures
  An iron imp (D:3)
  An orc priest (D:3)
  2 orc wizards
  A gnoll (D:4)
  5 adders
  A worm (D:2)
  A dart slug (D:2)
  6 orcs
  6 endoplasms
  A giant cockroach (D:2)
  8 goblins
  10 hobgoblins
  5 jackals
  5 kobolds
  A quokka (D:1)
  3 ball pythons
  7 bats
  2 frilled lizards (D:1)
  2 rats (D:3)
68 creatures vanquished.

Notes
Turn   | Place    | Note
-------+----------+-------------------------------------------
     0 | D:1      | lunkers the Meteoran Shapeshifter began the quest for the
                  | Orb.
     0 | D:1      | Reached XP level 1. HP: 16/16 MP: 2/2
   108 | D:1      | Reached XP level 2. HP: 23/23 MP: 3/3
   119 | D:1      | Reached skill level 4 in Unarmed Combat
   280 | D:2      | Reached XP level 3. HP: 14/28 MP: 4/4
   414 | D:2      | Reached XP level 4. HP: 30/35 MP: 5/5
   432 | D:2      | Reached skill level 5 in Unarmed Combat
   436 | D:2      | Found a faded altar of an unknown god.
   513 | D:3      | Reached XP level 5. HP: 37/40 MP: 6/6
   543 | D:3      | Found a white marble altar of Elyvilon.
   611 | D:3      | Found Dyugguf's Magic Scroll Boutique.
   687 | D:3      | Reached skill level 6 in Unarmed Combat
   842 | D:3      | Found a snail-covered altar of Cheibriados.
   862 | D:3      | Reached XP level 6. HP: 24/47 MP: 7/7
  1037 | D:4      | Reached skill level 5 in Shapeshifting
  1143 | D:4      | HP: 2/47 [gnoll/+0 halberd (11)]
  1145 | D:4      | Mangled by a gnoll

Illustrated notes

Levels and vault maps discovered:
D:1:      psy_arrival_dodecagon, layout_rooms
D:2:      layout_rooms, dreamdust_ecumenical_altar_statues
D:3:      layout_loops_ring, elyvilon_altar_4, slow_altar_1,
          lemuel_coloured_pillars_altar, serial_shops,
          nicolae_shop_just_a_little_nook, fountainhead
D:4:      layout_basic

Skill      XL: |  1  2  3  4  5  6 |
---------------+-------------------+-----
Unarmed Combat | 4 5 6 |  6.8
Shapeshifting  | 4 5 |  5.1
Fighting       | |  1.1
Dodging        | |  2.1

Action                     |  1- 3 |  4- 6 || total
---------------------------+-------+-------++-------
  Melee: Unarmed           |    50 |   134 ||   184
         Punch             |     1 |     4 ||     5
    Use: Potion            |       |     1 ||     1
 Armour: Animal skin       |    25 |    65 ||    90
         Skin              |       |     8 ||     8
  Dodge: Dodged            |    32 |    56 ||    88

Table legend: (Time is in decaauts)
 A = Elapsed time spent in this place.
 B = Non-inter-level travel time spent in this place.
 C = Inter-level travel time spent in this place.
 D = Time resting spent in this place.
 E = Time spent auto-exploring this place.
 F = Levels seen in this place.
 G = Mean time per level.
                   A        B        C        D        E       F      G
               +--------+--------+--------+--------+--------+-----+--------+
         Total |   1126 |   1121 |      5 |     13 |    700 |   4 |  281.5 |
       Dungeon |   1126 |   1121 |      5 |     13 |    700 |   4 |  281.5 |
               +--------+--------+--------+--------+--------+-----+--------+

Top non-repeatable levels by time:
     D:3: 494 daAuts
     D:1: 270 daAuts
     D:2: 203 daAuts
     D:4: 158 daAuts
